 Dungeon Crawl Stone Soup version 0.21-a0-442-g848f44b (webtiles) character file.

61 slep the Skirmisher (level 3, 0/29 HPs)
             Began as a Demonspawn Monk on Nov 13, 2017.
             Killed from afar by Natasha (2 damage)
             ... with a magic dart
             ... on level 2 of the Dungeon.
             The game lasted 00:06:34 (2021 turns).

slep the Skirmisher (Demonspawn Monk)               Turns: 2021, Time: 00:06:34

Health: 0/29       AC:  3    Str: 11    XL:     3   Next: 83%
Magic:  3/3        EV: 13    Int: 11    God:
Gold:   104        SH:  0    Dex: 16    Spells: 2/2 levels left

rFire    . . .     SeeInvis .   a - +0 falchion
rCold    . . .     Gourm    .   (no shield)
rNeg     . . .     Faith    .   b - +0 robe
rPois    .         Spirit   .   (no helmet)
rElec    .         Reflect  .   g - scarf {repulsion}
rCorr    .         Harm     .   d - +0 pair of gloves
MR       .....                  (no boots)
Stlth    +++.......             (no amulet)
HPRegen  0.09/turn              (no ring)
MPRegen  0.08/turn              (no ring)

@: repel missiles
A: nightstalker 1
a: no special abilities


You were on level 2 of the Dungeon.
You were hungry.

You visited 1 branch of the dungeon, and saw 2 of its levels.

You collected 104 gold pieces.

Inventory:

Hand Weapons
 a - a +0 falchion (weapon)
Missiles
 f - 4 javelins (quivered)
 j - 5 steel tomahawks
Armour
 b - a +0 robe (worn)
 d - a +0 pair of gloves (worn)
 g - a scarf of repulsion (worn)
Scrolls
 e - a scroll of fear {unknown}
 k - a scroll of identify {unknown}
 o - a scroll of random uselessness {unknown}
Potions
 h - 2 potions of ambrosia {unknown}
 l - a potion of mutation {unknown}
 m - a potion of magic {unknown}
 n - a potion of heal wounds {unknown}
Comestibles
 c - a bread ration
 i - a meat ration


   Skills:
 + Level 3.4 Fighting
 + Level 3.4 Long Blades
 + Level 3.0 Dodging
 + Level 2.5 Stealth


You had 2 spell levels left.
You didn't know any spells.

Dungeon Overview and Level Annotations

Branches:
Dungeon (2/15)

Altars:

Annotations:
D:2 Natasha


Innate Abilities, Weirdness & Mutations

You are slightly more attuned to the shadows.


Message History

You miss Natasha. Natasha claws you.
You closely miss Natasha. Natasha closely misses you.
You hit Natasha but do no damage. Natasha claws you!
You barely miss Natasha. Natasha claws you!
You miss Natasha. Natasha closely misses you.
You riposte.
You hit Natasha.
Natasha is lightly wounded.
You barely miss Natasha.
Natasha is lightly wounded.
Natasha stares at you and mumbles some strange words.
The magic dart hits you!
* * * LOW HITPOINT WARNING * * *
The crimson imp disappears for a moment.
You hit Natasha.
Natasha is moderately wounded.
Natasha claws you but does no damage. Natasha claws you.
* * * LOW HITPOINT WARNING * * *
Natasha casts a spell at you. The magic dart hits you!
You die...

#+ ... #.# #.#
#.##### #.#
##.##... #.#
####...#.## #5#
#........#
#h########.##)..#.#
#..@.....>..##.##.#
##########........#
#.###.#### #.....#
#######


You could see Natasha.

Vanquished Creatures
  An adder (D:2)
  A worm (D:2)
  2 dart slugs (D:1)
  A giant cockroach (D:1)
  5 goblins
  11 hobgoblins
  4 jackals (D:2)
  7 kobolds
  2 bats
  A frilled lizard (D:2)
  6 rats
41 creatures vanquished.

Notes
Turn   | Place    | Note
-------+----------+-------------------------------------------
     0 | D:1      | slep the Demonspawn Monk began the quest for the Orb.
     0 | D:1      | Reached XP level 1. HP: 18/18 MP: 1/1
   246 | D:1      | Gained mutation: You are slightly more attuned to the shadows. [demonic ancestry]
   246 | D:1      | Reached XP level 2. HP: 23/24 MP: 2/2
  1067 | D:2      | Reached XP level 3. HP: 29/29 MP: 3/3
  1778 | D:2      | Noticed Natasha
  2021 | D:2      | Killed from afar by Natasha

Vault maps used:
D:1:      dpeg_arrival_arbitrary_a, kennysheep_boxes
D:2:      nicolae_overflow_hidden_temple, overflow_temple_1_default,
          minmay_tetromino_t2, uniq_natasha

Skill      XL: |  1  2 |
---------------+-------+-----
Long Blades    | 3 |  3.4
Dodging        | 3 |  3.0
Stealth        | 2 |  2.5
Fighting       | |  3.4

Action                   || total
-------------------------++-------
Melee: Falchion          ||   149
Throw: Javelin           ||     5
 Stab: Sleeping          ||    11
  Eat: Chunk             ||     3
Armor: Robe              ||    28
Dodge: Dodged            ||    93
       Rpst.: Falchion   ||    23

Table legend:
 A = Spawn XP
 B = Non-spawn XP
 C = Spawn XP percentage of total XP
 D = Spawn monster count
 E = Non-spawn monster count
 F = Spawn count percentage of total count
 G = Total turns spent on level
                    A         B        C        D         E        F      G
               +---------+---------+-------+---------+---------+-------+---------
         Total |       0 |      88 |   0.0 |       0 |      41 |   0.0 |  2021
               +---------+---------+-------+---------+---------+-------+---------
           D:1 |       0 |      40 |   0.0 |       0 |      20 |   0.0 |  1058
           D:2 |       0 |      48 |   0.0 |       0 |      21 |   0.0 |   963
               +---------+---------+-------+---------+---------+-------+---------
